 Dungeon Crawl Stone Soup version 0.17.2 (webtiles) character file.

272755 Shtopit the Bludgeoner (level 20, -3/140 HPs)
             Began as a Gargoyle Berserker on May 11, 2016.
             Was the Champion of Trog.
             Slain by a stone giant simulacrum (33 damage)
             ... on level 2 of the Vaults.
             The game lasted 03:06:25 (47308 turns).

Shtopit the Bludgeoner (Gargoyle Berserker)        Turns: 47308, Time: 03:06:25

Health: -3/140     AC: 61    Str: 28    XL:     20   Next: 67%
Magic:  30/30      EV: 13    Int: 13    God:    Trog [******]
Gold:   4340       SH:  0    Dex: 19    Spells: 0 memorised, 19 levels left

rFire  + . .     SeeInvis .     Y - +1 dire flail of Zajeh {vamp, rElec rPois rF+ Int+4}
rCold  . . .     Clarity  +     S - +14 plate armour of the Iron Devil {rCorr Int+3}
rNeg   + . .     SustAt   .     (shield currently unavailable)
rPois  ∞         Gourm    .     F - +2 helmet of Komome {Dex+2}
rElec  +         Spirit   .     E - +2 cloak
rCorr  +         Warding  .     j - +2 pair of gloves {Dex+3}
rMut   .         Stasis   .     X - +2 pair of boots {run}
MR     ++...                    g - amulet of Mill {rElec Regen+ Int-4 Dex+5 Stlth+}
Stlth  ..........               P - ring "Zuptasmepi" {Wiz Slay+4}
                                q - ring of invisibility

@: flying, very slightly contaminated, studying Fighting, quick, very resistant
to hostile enchantments, extremely unstealthy
A: big wings, clarity, magic resistance 1, negative energy resistance 1,
electricity resistance, unbreathing, petrification resistance, rot immunity, AC
+15
a: Stop Flying, Berserk, Trog's Hand, Brothers in Arms, Burn Spellbooks,
Renounce Religion, Evoke Invisibility
}: 1/15 runes: serpentine


You were on level 2 of the Vaults.
You worshipped Trog.
Trog was exalted by your worship.
You were not hungry.

You visited 7 branches of the dungeon, and saw 36 of its levels.
You also visited: Ice Cave and Volcano.

You collected 4753 gold pieces.
You spent 413 gold pieces at shops.

Inventory:

Hand Weapons
 h - a +9 dire flail of holy wrath
 l - the +10 morningstar "Yhaydosh" {freeze, rF++ rN+ MP-9}
   (You found it in an ice cave)

   It has been specially enchanted to freeze those struck by it, causing extra
   injury to most foes and up to half again as much damage against particularly
   susceptible opponents.
   It can also slow down cold-blooded creatures.
   It greatly protects you from fire.
   It protects you from negative energy.
   It affects your magic capacity (-9).
 w - a +3 antimagic great mace
 z - the +7 demon whip "Zippek" {venom, rC+ rN++ Str+4}
   (Trog gifted it to you on level 4 of the Orcish Mines)

   It poisons the flesh of those it strikes.
   It affects your strength (+4).
   It protects you from cold.
   It greatly protects you from negative energy.
 Y - the +1 dire flail of Zajeh (weapon) {vamp, rElec rPois rF+ Int+4}
   (Trog gifted it to you on level 14 of the Dungeon)

   It inflicts no extra harm, but heals its wielder somewhat when it strikes a
   living foe.
   It affects your intelligence (+4).
   It protects you from fire.
   It insulates you from electricity.
   It protects you from poison.
 Z - the +6 hand crossbow of Cocytus {penet, rPois rC+}
   (You found it on level 3 of the Elven Halls)

   Ammo fired by it will pass through the targets it hits, potentially hitting
   all targets in its path until it reaches maximum range.
   It protects you from cold.
   It protects you from poison.
Missiles
 p - 504 bolts
Armour
 j - a +2 pair of gloves of dexterity (worn)
 E - a +2 cloak (worn)
 F - the +2 helmet of Komome (worn) {Dex+2}
   (You found it on level 1 of the Elven Halls)

   It affects your dexterity (+2).
 S - the +14 plate armour of the Iron Devil (worn) {rCorr Int+3}
   (You found it on level 4 of the Snake Pit)

   It affects your intelligence (+3).
   It protects you from acid and corrosion.
 X - a +2 pair of boots of running (worn)
Rods
 H - a +9 rod of inaccuracy (17/17)
   (You found it on level 8 of the Lair of Beasts)
Jewellery
 b - the amulet of the Four Winds {Clar rN+ MR+++}
   (You found it on level 3 of the Elven Halls)

   [amulet of clarity]

   It provides mental clarity.
   It protects you from negative energy.
   It affects your resistance to hostile enchantments.
 g - the amulet of Mill (around neck) {rElec Regen+ Int-4 Dex+5 Stlth+}
   (You took it off a deep elf sorcerer on level 3 of the Elven Halls)

   [amulet of regeneration]

   It affects your intelligence (-4).
   It affects your dexterity (+5).
   It insulates you from electricity.
   It increases your rate of regeneration.
   It makes you more stealthy.
 m - an uncursed ring of sustain attributes
 q - a ring of invisibility (left hand)
 r - an uncursed ring of protection from fire
 u - an uncursed amulet of resist mutation
 A - an uncursed ring of protection from magic
 L - an uncursed ring of protection from cold
 P - the ring "Zuptasmepi" (right hand) {Wiz Slay+4}
   (You found it on level 9 of the Dungeon)

   [ring of wizardry]

   It improves your spell success rate.
   It affects your accuracy and damage with ranged weapons and melee attacks
   (+4).
Wands
 d - a wand of cold (9)
 K - a wand of disintegration (24)
 R - a wand of lightning (9)
Scrolls
 a - 5 scrolls of fear
 e - 9 scrolls of fog
 i - 6 scrolls of silence
 o - a scroll of identify
 t - 7 scrolls of magic mapping
 y - 3 scrolls of enchant armour
 D - 13 scrolls of teleportation
 O - 14 scrolls of remove curse
 Q - a scroll of summoning
 T - 2 scrolls of holy word
Potions
 k - 11 potions of curing
 n - a potion of cancellation
 v - 2 potions of resistance
 B - 3 potions of heal wounds
 C - 7 potions of agility
 G - 3 potions of haste
 M - 2 potions of might
Books
 U - a manual of Fighting
Miscellaneous
 f - a stone of tremors
 x - an ornate deck of defence {the Alchemist, drawn: 1}
 I - a sack of spiders
 J - a fan of gales
 N - a plain deck of defence {the Banshee, drawn: 1}
 V - a box of beasts {used: 2}
Comestibles
 c - 19 bread rations
 s - 9 meat rations


   Skills:
 + Level 20.0 Fighting
 + Level 20.8 Maces & Flails
 - Level 0.5 Throwing
 + Level 17.0 Armour
 + Level 7.4 Dodging
 - Level 0.8 Stealth
 * Level 13.4 Evocations


You had 19 spell levels left.
You didn't know any spells.

Dungeon Overview and Level Annotations

Branches:
Dungeon (14/15)            Temple (1/1) D:5            Lair (8/8) D:9
 Shoals (0/4) Lair:5        Snake (4/4) Lair:5        Slime (0/6) Lair:7
    Orc (4/4) D:11            Elf (3/3) Orc:4        Vaults (2/5) D:14
  Crypt (0/3) Vaults:2

Altars:
Cheibriados
Dithmenos
Fedhas
Gozag
Nemelex Xobeh
Okawaru
Qazlal
Ru
Sif Muna
Trog
Vehumet
Xom
Yredelemnul
The Shining One
Beogh
Jiyva

Shops:
D:6 ?   D:7 =   D:11 *   Orc:4 ([:*   Elf:3 (((   Snake:3 (%   Vaults:2 ?


Innate Abilities, Weirdness & Mutations

You are resistant to torment.
Your stone body is resilient (AC +15).
You are immune to poison.
Your large and strong wings let you fly indefinitely.
You resist negative energy.
You are resistant to electric shocks.
You can survive without breathing.
You are immune to petrification.
You are immune to rotting.
You possess an exceptional clarity of mind.
You are resistant to hostile enchantments.


Message History

The deep elf mage hits you but does no damage.
You sock the deep elf mage!
You feel better.
The deep elf mage is moderately wounded.
The deep elf mage closely misses you.
You puncture the deep elf mage!
The deep elf mage is heavily wounded.
The deep elf fighter points at you and mumbles some strange words.
You resist with almost no effort.
You bludgeon the deep elf mage!!
You kill the deep elf mage!
Trog accepts your kill.
Trog appreciates your killing of a magic user.
The deep elf fighter casts a spell.
The deep elf fighter blinks!
You sock the stone giant simulacrum!
You hit the stone giant simulacrum but do no damage.
The stone giant simulacrum hits you!
* * * LOW HITPOINT WARNING * * *
The stone giant simulacrum freezes you!!
You die...

..#######'###..########
..#.........#..#
..#...###.(.#..#
..#..###.#..#..#
..#####...#.#..# ..#
#...##.#..# ..#
#...###.#..#
..##...###..#######+#####
..##..# #.=.'...@Z...e..#
..#### #...#...#Ho.#...
..###########...#ce.#
........ #.###o).#
........ #....e......#
........ #.....#.....#
........ #...........#
####.... #.###...###.#
#... #. #...# .'


You could see a sphinx, an orc knight, a centaur warrior, a deep elf priest, 2
deep elf fighters, a stone giant simulacrum and an orc (frenzied).

Vanquished Creatures
  Mara (Elf:3)
  A deep elf master archer (Elf:3)
  3 deep elf blademasters
  7 greater nagas
  The ghost of nublet the Fighter, a journeyman OgNe of Kikubaaqudgha (Lair:7)
  6 deep elf sorcerers (Elf:3)
  An orc warlord (Orc:3)
  2 vault wardens (Vaults:1)
  A frost giant (IceCv)
  Aizul (Elf:1)
  Louise (Snake:4)
  3 ironheart preservers
  9 deep elf annihilators
  7 deep elf demonologists (Elf:3)
  4 dire elephants (Lair:8)
  2 salamander stormcallers (Vaults:2)
  An ettin (Orc:4)
  Snorg (Orc:2)
  5 deep elf death magi
  A fire dragon (Vaults:2)
  2 vault guards (Vaults:1)
  3 great orbs of eyes (Vaults:1)
  3 deep elf high priests (Elf:3)
  An ice dragon (D:11)
  A yaktaur captain (Vaults:1)
  A rakshasa (Vaults:1)
  18 naga warriors
  5 hydras
  2 death knights (Vaults:2)
  Erica (D:8)
  A catoblepas (Lair:3)
  10 anacondas
  A tengu warrior (D:13)
  The ghost of pedritolo the Transmogrifier, a journeyman VSTm of Cheibriados (D:13)
  11 dancing weapons (Elf:2)
  A deep troll shaman (Vaults:1)
  5 ogre magi
  5 death yaks
  A queen ant (Lair:7)
  The ghost of nublet the Basher, a novice OgNe of Kikubaaqudgha (D:7)
  8 centaur warriors
  14 naga sharpshooters
  Urug (Lair:2)
  2 orc high priests
  3 iron golems (D:8)
  26 deep elf knights
  10 shock serpents
  A small abomination (Elf:1)
  4 salamander mystics
  3 skeletal warriors (D:13)
  A sea snake (Snake:3)
  A fire crab (Volcano)
  4 deep trolls (Vaults:1)
  2 necromancers (D:14)
  9 deep elf summoners
  10 naga ritualists
  4 hill giants
  7 unseen horrors
  16 deep elf conjurers
  Pikel (D:6)
  A wizard (D:14)
  10 orc knights
  3 orc sorcerers (Orc:4)
  5 ironbrand convokers
  4 griffons
  2 cyclopes
  15 ugly things
  8 mana vipers
  12 salamanders
  2 oklob plants
  2 manticores
  An elephant (shapeshifter) (Elf:3)
  26 naga magi
  2 centaur zombies
  2 molten gargoyles (Volcano)
  5 vault sentinels (Vaults:1)
  34 black mambas
  8 elephants
  An ice statue (IceCv)
  2 guardian serpents
  A gargoyle (D:11)
  9 spiny frogs
  10 komodo dragons
  18 yaktaurs
  5 kobold demonologists
  A fire drake (shapeshifter) (Elf:1)
  11 deep elf priests
  2 fire drakes
  18 polar bears
  12 blink frogs
  5 trolls
  Grinder (D:4)
  2 freezing wraiths (Vaults:2)
  4 boulder beetles
  A slime creature (D:11)
  12 two-headed ogres
  A two-headed ogre (shapeshifter) (Vaults:2)
  3 wraiths
  2 shadows
  30 deep elf magi
  2 basilisks
  18 humans (D:14)
  A fire bat (Volcano)
  16 hippogriffs
  36 deep elf fighters
  59 yaks
  A human (shapeshifter) (Elf:3)
  2 mottled dragons (Vaults:1)
  A hog (shapeshifter) (Elf:3)
  A hungry ghost (D:11)
  5 wargs
  27 wolves
  2 fire elementals (Volcano)
  2 hell hounds (Volcano)
  59 nagas
  6 soldier ants (Lair:7)
  3 necrophages
  A slave (D:6)
  9 porcupines
  11 sky beasts
  A black bear (D:12)
  20 water moccasins
  13 ice beasts
  43 orc warriors
  A wasp (D:10)
  26 ogres
  4 phantoms
  An eye of draining (D:10)
  16 centaurs
  24 crocodiles
  15 giant frogs
  5 big kobolds
  An elf zombie (D:8)
  A brain worm (D:12)
  A gnoll sergeant (D:8)
  A wyvern zombie (D:11)
  3 scorpions
  11 killer bees
  2 wights (D:8)
  2 electric eels (Lair:6)
  3 crimson imps
  23 orc priests
  A quasit (D:7)
  40 orc wizards
  A wyvern simulacrum (D:14)
  A human simulacrum (Vaults:2)
  7 jellies
  A lava snake (Volcano)
  Crazy Yiuf (D:6)
  7 human zombies (D:8)
  14 iguanas
  6 centaur skeletons
  5 hounds
  34 worker ants
  5 hell rats (Lair:5)
  10 sheep
  2 hound zombies
  2 worker ant zombies
  A mummy (D:8)
  6 gnolls (D:8)
  20 adders
  55 river rats
  4 shadow imps
  5 oozes (D:11)
  An adder skeleton (D:4)
  An adder zombie (D:6)
  4 worms
  6 giant geckos
  195 orcs
  4 giant cockroaches
  8 goblins
  6 hobgoblins
  3 jackals
  20 kobolds
  6 quokkas
  2 ball pythons
  6 bats
  2 giant newts
  A jackal skeleton (D:4)
  7 rats
  A bush (Lair:6)
  2 crawling corpses
  3 fungi
  5 plants
1542 creatures vanquished.

Vanquished Creatures (collateral kills)
  2 deep elf sorcerers (Elf:3)
  2 deep elf demonologists (Elf:3)
  2 deep elf annihilators (Elf:3)
  A dire elephant (Lair:8)
  A deep elf high priest (Elf:3)
  An orc knight (Orc:4)
  A deep elf conjurer (Elf:3)
  A deep elf mage (Elf:3)
  A deep elf fighter (Elf:3)
12 creatures vanquished.

Vanquished Creatures (others)
  A salamander stormcaller (Vaults:2)
  A deep elf high priest (Elf:1)
  An anaconda (Snake:4)
  A wizard (D:14)
  An unseen horror (Vaults:1)
  A deep elf priest (Elf:1)
  2 polar bears (IceCv)
  A human (D:14)
  Menkaure (D:6)
  A wolf (IceCv)
  An ogre (Vaults:1)
  A slave (D:6)
  A centaur (D:6)
  A hound (D:6)
  A giant frog skeleton (D:6)
  An adder (D:6)
  A crawling corpse (Elf:3)
  A fire vortex (Vaults:2)
  26 fungi
  4 plants
49 creatures vanquished.

Grand Total: 1603 creatures vanquished

Notes
Turn   | Place    | Note
--------------------------------------------------------------
     0 | D:1      | Shtopit the Gargoyle Berserker began the quest for the Orb.
     0 | D:1      | Reached XP level 1. HP: 14/14 MP: 1/1
   321 | D:1      | Reached XP level 2. HP: 19/19 MP: 2/2
   693 | D:2      | Found a snail-covered altar of Cheibriados.
  1088 | D:2      | Reached XP level 3. HP: 13/23 MP: 3/3
  1625 | D:2      | Reached ** piety under Trog
  1709 | D:2      | Reached XP level 4. HP: 20/29 MP: 4/4
  2606 | D:4      | Reached skill level 4 in Fighting
  2606 | D:4      | Reached XP level 5. HP: 20/33 MP: 5/5
  2722 | D:4      | Noticed a sky beast
  2750 | D:4      | Killed a sky beast
  2756 | D:4      | Reached XP level 6. HP: 25/38 MP: 6/6
  2920 | D:4      | Noticed Grinder
  2938 | D:4      | Paralysed by Grinder for 5 turns
  2950 | D:4      | Killed Grinder
  2950 | D:4      | Reached XP level 7. HP: 19/44 MP: 7/7
  3248 | D:4      | Reached skill level 5 in Maces & Flails
  3624 | D:4      | Noticed an ogre
  3632 | D:4      | Killed an ogre
  3632 | D:4      | Reached skill level 5 in Armour
  3777 | D:4      | Reached *** piety under Trog
  3942 | D:4      | Found a glowing golden altar of the Shining One.
  3990 | D:4      | Reached XP level 8. HP: 45/48 MP: 8/8
  4109 | D:4      | Found a bloodstained altar of Trog.
  4242 | D:5      | Entered Level 5 of the Dungeon
  4370 | D:5      | Found a staircase to the Ecumenical Temple.
  4631 | D:5      | Found a radiant altar of Vehumet.
  4748 | D:5      | Reached skill level 6 in Maces & Flails
  4926 | Temple   | Entered the Ecumenical Temple
  4978 | Temple   | Gained mutation: Your magical capacity is low (-10% MP). [potion of mutation]
  4978 | Temple   | Lost mutation: Your magical capacity is low (-10% MP). [potion of mutation]
  4978 | Temple   | Gained mutation: You are resistant to hostile enchantments. [potion of mutation]
  5071 | D:6      | Reached skill level 5 in Fighting
  5212 | D:6      | Found a shadowy altar of Dithmenos.
  5560 | D:6      | Reached skill level 7 in Maces & Flails
  5560 | D:6      | Reached XP level 9. HP: 32/55 MP: 9/9
  5688 | D:6      | Noticed a two-headed ogre
  5696 | D:6      | Killed a two-headed ogre
  5761 | D:6      | Found a shimmering altar of Xom.
  5811 | D:6      | Noticed Pikel
  5848 | D:6      | Killed Pikel
  5922 | D:6      | Killed Menkaure
  6067 | D:6      | Found Pesoraiv's Magic Scroll Emporium.
  6075 | D:6      | Bought a scroll of fear for 49 gold pieces
  6075 | D:6      | Bought a scroll of fog for 28 gold pieces
  6075 | D:6      | Bought a scroll of teleportation for 42 gold pieces
  6157 | D:6      | Reached skill level 8 in Maces & Flails
  6364 | D:6      | Reached **** piety under Trog
  6439 | D:6      | Noticed Crazy Yiuf
  6443 | D:6      | Killed Crazy Yiuf
  6801 | D:7      | Found Lazxec's Jewellery Shoppe.
  6862 | D:7      | Bought an uncursed amulet of clarity for 280 gold pieces
  6882 | D:7      | Reached skill level 5 in Dodging
  7164 | D:7      | Found a deep blue altar of Sif Muna.
  7266 | D:7      | Reached XP level 10. HP: 58/63 MP: 10/10
  7354 | D:7      | Noticed nublet's ghost (novice OgNe)
  7372 | D:7      | Killed nublet's ghost
  7372 | D:7      | Reached skill level 9 in Maces & Flails
  8236 | D:8      | Noticed Erica
  8245 | D:8      | Killed Erica
  8681 | D:8      | Reached skill level 10 in Maces & Flails
  8715 | D:8      | Found a basalt altar of Yredelemnul.
  9108 | D:9      | Noticed an iron golem
  9109 | D:9      | Noticed an iron golem
  9109 | D:9      | Noticed an iron golem
  9574 | D:8      | Killed an iron golem
  9574 | D:8      | Reached skill level 10 in Armour
  9574 | D:8      | Reached XP level 11. HP: 39/69 MP: 11/11
  9754 | D:9      | Noticed an iron golem
 10230 | D:9      | Found a snail-covered altar of Cheibriados.
 10414 | D:9      | Found a staircase to the Lair.
 10622 | D:9      | Got a clouded lapis lazuli ring
 10678 | D:9      | Identified the ring "Zuptasmepi" {Wiz Slay+4} (You found it on level 9 of the Dungeon)
 10707 | D:10     | Entered Level 10 of the Dungeon
 10811 | Lair:1   | Entered Level 1 of the Lair of Beasts
 11198 | Lair:1   | Reached skill level 11 in Maces & Flails
 11284 | Lair:1   | Reached ***** piety under Trog
 11486 | Lair:1   | Reached skill level 1 in Evocations
 11755 | Lair:1   | Reached skill level 10 in Fighting
 12158 | Lair:2   | Reached XP level 12. HP: 77/77 MP: 13/13
 12397 | Lair:2   | Noticed Urug
 12412 | Lair:2   | Killed Urug
 12548 | Lair:2   | Reached skill level 12 in Maces & Flails
 12902 | Lair:2   | Noticed a four-headed hydra
 12913 | Lair:2   | Killed a four-headed hydra
 13769 | Lair:3   | Received a gift from Trog
 14180 | Lair:3   | Noticed a catoblepas
 14203 | Lair:3   | Killed a catoblepas
 14653 | Lair:3   | Reached XP level 13. HP: 84/84 MP: 16/16
 14674 | Lair:3   | Reached skill level 5 in Evocations
 15410 | Lair:4   | Found a frozen archway.
 15417 | Lair:4   | Reached skill level 13 in Maces & Flails
 15522 | IceCv    | Entered an ice cave
 16530 | IceCv    | Reached ****** piety under Trog
 16611 | IceCv    | Received a gift from Trog
 16777 | IceCv    | Got a steaming morningstar
 16778 | IceCv    | Identified the +10 morningstar "Yhaydosh" {freeze, rF++ rN+ MP-9} (You found it in an ice cave)
 16824 | IceCv    | Noticed a frost giant
 16850 | IceCv    | Killed a frost giant
 17977 | Lair:5   | Found a staircase to the Shoals.
 17985 | Lair:5   | Gained mutation: Your large and strong wings let you fly indefinitely. [Gargoyle growth]
 17985 | Lair:5   | Reached XP level 14. HP: 89/92 MP: 9/18
 18099 | Lair:5   | Found a staircase to the Snake Pit.
 18224 | Lair:5   | Reached skill level 14 in Maces & Flails
 18233 | Lair:5   | Received a gift from Trog
 18851 | Lair:5   | HP: 3/92 [death yak (10)]
 20301 | Lair:7   | Noticed nublet's ghost (journeyman OgNe)
 20306 | Lair:7   | Found a staircase to the Slime Pits.
 20306 | Lair:7   | Found a viscous altar of Jiyva.
 20320 | Lair:7   | Killed nublet's ghost
 20714 | Lair:7   | Received a gift from Trog
 20764 | Lair:7   | You fall through a shaft!
 20764 | Lair:8   | Entered Level 8 of the Lair of Beasts
 21278 | Lair:8   | Found a dark tunnel.
 21284 | Volcano  | Entered a volcano
 21538 | Volcano  | Found a burning altar of Makhleb.
 21920 | Lair:8   | Gained mutation: You possess an exceptional clarity of mind. [potion of beneficial mutation]
 22699 | Lair:8   | Identified a +2 rod of inaccuracy (10/10) (You found it on level 8 of the Lair of Beasts)
 22766 | Lair:8   | Received a gift from Trog
 23092 | Lair:7   | Reached XP level 15. HP: 99/99 MP: 12/21
 23100 | Lair:7   | Reached skill level 15 in Maces & Flails
 23568 | Snake:1  | Entered Level 1 of the Snake Pit
 26070 | Snake:2  | Reached skill level 16 in Maces & Flails
 26073 | Snake:2  | Received a gift from Trog
 26170 | Snake:3  | Found Rostrokh's Weapon Shop.
 26171 | Snake:3  | Found Beklaen's Food Emporium.
 26174 | Snake:3  | Reached XP level 16. HP: 86/107 MP: 13/22
 26429 | Snake:3  | Identified a +3 rod of inaccuracy (12/12) (You found it on level 3 of the Snake Pit)
 26471 | Snake:3  | Reached skill level 15 in Armour
 26497 | Snake:3  | Got a twisted scale mail
 26508 | Snake:3  | Identified the cursed +0 scale mail "Pybloxew" {rElec Str+4 Slay+6} (You found it on level 3 of the Snake Pit)
 26510 | Snake:3  | Noticed a greater naga
 26523 | Snake:3  | Killed a greater naga
 26854 | Snake:3  | Reached skill level 15 in Fighting
 26989 | Snake:3  | Got a bound steel ring
 26991 | Snake:3  | Identified the ring of Ciamucer {Dex+5 Stlth-} (You took it off a naga on level 3 of the Snake Pit)
 27044 | Snake:3  | Found a snail-covered altar of Cheibriados.
 27727 | Snake:4  | Entered Level 4 of the Snake Pit
 27904 | Snake:4  | Got a dazzling plate armour
 28018 | Snake:3  | Identified the +14 plate armour of the Iron Devil {rCorr Int+3} (You found it on level 4 of the Snake Pit)
 28103 | Snake:4  | Reached skill level 10 in Evocations
 28187 | Snake:4  | Received a gift from Trog
 28663 | Snake:4  | Noticed Louise
 28994 | Snake:4  | Killed Louise
 29082 | Snake:4  | Reached skill level 17 in Maces & Flails
 29082 | Snake:4  | Reached XP level 17. HP: 75/113 MP: 15/24
 29455 | Snake:4  | Received a gift from Trog
 29705 | Snake:4  | Got a serpentine rune of Zot
 30383 | D:8      | Killed an iron golem
 30395 | D:8      | Killed an iron golem
 30583 | D:10     | Killed an unseen horror
 31262 | D:11     | Received a gift from Trog
 32027 | D:11     | Found a viscous altar of Jiyva.
 32074 | D:11     | Received a gift from Trog
 32140 | D:11     | Found a staircase to the Orcish Mines.
 32352 | D:11     | Found Perisusch's Elemental Accessories.
 32465 | Orc:1    | Entered Level 1 of the Orcish Mines
 32586 | Orc:2    | Noticed Snorg
 32604 | Orc:2    | Killed Snorg
 33117 | Orc:4    | Entered Level 4 of the Orcish Mines
 33391 | Orc:4    | Received a gift from Trog
 34021 | Orc:3    | Found a roughly hewn altar of Beogh.
 34564 | Orc:4    | Found a roughly hewn altar of Beogh.
 34565 | Orc:4    | Received a gift from Trog
 34606 | Orc:4    | Found Aworin's Antique Armour Shoppe.
 34621 | Orc:4    | Got a jewelled demon whip {god gift}
 34622 | Orc:4    | Identified the +7 demon whip "Zippek" {venom, rC+ rN++ Str+4} (Trog gifted it to you on level 4 of the Orcish Mines)
 34680 | Orc:4    | Found a staircase to the Elven Halls.
 34700 | Orc:4    | Found Owoireb's Antique Weapon Shoppe.
 34732 | Orc:4    | Found Muynioz's General Store.
 34925 | Orc:4    | Found a shimmering altar of Xom.
 35043 | Orc:4    | Found Ysoon's Book Shoppe.
 35260 | Elf:1    | Entered Level 1 of the Elven Halls
 35400 | Elf:1    | Got a pitted helmet
 35411 | Elf:1    | Identified the +2 helmet of Komome {Dex+2} (You found it on level 1 of the Elven Halls)
 35518 | Elf:1    | Reached skill level 18 in Maces & Flails
 36050 | Elf:1    | Received a gift from Trog
 36054 | Elf:1    | Reached XP level 18. HP: 122/122 MP: 26/26
 36061 | Elf:1    | Noticed Aizul
 36076 | Elf:1    | Killed Aizul
 37162 | Elf:2    | Found a runed gate.
 37162 | Elf:2    | Found a runed gate.
 37167 | Elf:2    | Found a runed gate.
 37538 | Elf:2    | Received a gift from Trog
 38153 | Elf:3    | Entered Level 3 of the Elven Halls
 38153 | Elf:3    | Found Doockosi's Weapon Emporium.
 38182 | Elf:3    | Found Bythraqoum's Antique Weapon Shoppe.
 38932 | Elf:3    | Received a gift from Trog
 38981 | Elf:3    | Found Veaci's Weapon Boutique.
 39299 | Elf:3    | Reached skill level 19 in Maces & Flails
 39316 | Elf:3    | Reached XP level 19. HP: 71/128 MP: 28/28
 39323 | Elf:3    | Noticed a Brimstone Fiend
 39697 | Elf:3    | Noticed Mara
 39735 | Elf:3    | Noticed Shtopit's illusion
 40011 | Elf:3    | Received a gift from Trog
 40665 | Elf:3    | Identified a scroll of acquirement
 40677 | Elf:3    | Identified a +2 pair of boots of running (You acquired it on level 3 of the Elven Halls)
 40679 | Elf:3    | Got a translucent graven amulet
 40680 | Elf:3    | Identified the amulet of Mill {rElec Regen+ Int-4 Dex+5 Stlth+} (You took it off a deep elf sorcerer on level 3 of the Elven Halls)
 40988 | Elf:3    | Got a shimmering hand crossbow
 40989 | Elf:3    | Identified the +6 hand crossbow of Cocytus {penet, rPois rC+} (You found it on level 3 of the Elven Halls)
 41127 | Elf:3    | Got a twisted hunting sling
 41128 | Elf:3    | Identified the +9 hunting sling of Rur Byni {velocity, Int+4} (You found it on level 3 of the Elven Halls)
 41544 | Elf:3    | Noticed Shtopit's illusion
 41549 | Elf:3    | Killed Mara
 42359 | D:12     | Received a gift from Trog
 43282 | D:13     | Found a blossoming altar of Fedhas.
 43584 | D:13     | Noticed pedritolo's ghost (journeyman VSTm)
 43586 | D:13     | Killed pedritolo's ghost
 44172 | D:14     | Received a gift from Trog
 44178 | D:14     | Got a transparent dire flail {god gift}
 44179 | D:14     | Identified the +1 dire flail of Zajeh {vamp, rElec rPois rF+ Int+4} (Trog gifted it to you on level 14 of the Dungeon)
 44333 | D:14     | Found a gate to the Vaults.
 44346 | D:14     | Paralysed by something for 5 turns
 44393 | Vaults:1 | Entered Level 1 of the Vaults
 44403 | Vaults:1 | Reached skill level 20 in Maces & Flails
 44759 | Vaults:1 | Reached XP level 20. HP: 131/139 MP: 29/29
 44768 | Vaults:1 | Received a gift from Trog
 45633 | Vaults:1 | Found a roughly hewn altar of Beogh.
 45692 | Vaults:1 | Received a gift from Trog
 45726 | Vaults:1 | Got an encrusted dire flail {god gift}
 45727 | Vaults:1 | Identified the +4 dire flail "Goalete" {flame, Int+5} (Trog gifted it to you on level 1 of the Vaults)
 46715 | Vaults:2 | Found Viulaokh's Magic Scroll Shop.
 46722 | Vaults:2 | Bought a scroll of noise for 14 gold pieces
 46793 | Vaults:2 | Received a gift from Trog
 47126 | Vaults:2 | Found a staircase to the Crypt.
 47308 | Vaults:2 | Slain by a stone giant simulacrum

Action                   |  1- 3 |  4- 6 |  7- 9 | 10-12 | 13-15 | 16-18 | 19-21 || total
-------------------------+-------+-------+-------+-------+-------+-------+-------++-------
Melee: Mace              |   128 |   123 |   114 |       |       |       |       ||   365
       Flail             |       |       |   451 |  1098 |   405 |       |       ||  1954
       Whip              |       |       |       |       |    71 |       |       ||    71
       Morningstar       |       |       |       |       |   859 |  1110 |    71 ||  2040
       Demon whip        |       |       |       |       |       |   702 |   207 ||   909
       Dire flail        |       |       |       |       |       |       |   933 ||   933
       Great mace        |       |       |       |       |       |       |    12 ||    12
 Fire: Blowgun           |       |       |       |     2 |       |       |       ||     2
Throw: Javelin           |       |     2 |       |       |     1 |       |       ||     3
Invok: Trog's Hand       |       |     1 |       |     2 |       |    11 |     4 ||    18
       Berserk           |       |       |     7 |     8 |     3 |     3 |     2 ||    23
       Burn Spellbooks   |       |       |       |     1 |     3 |     1 |     4 ||     9
       Brothers in Arms  |       |       |       |       |     1 |       |     2 ||     3
 Abil: Fly               |       |       |       |       |     1 |       |       ||     1
Evoke: Wand              |       |       |       |     1 |       |     2 |     1 ||     4
       Rod               |       |       |       |       |     2 |     1 |     5 ||     8
       Box of beasts     |       |       |       |       |       |     1 |     1 ||     2
       Deck              |       |       |       |       |       |       |     2 ||     2
  Use: Scroll            |       |       |    12 |     8 |    13 |     6 |    26 ||    65
       Potion            |       |       |     8 |     2 |     3 |       |     1 ||    14
 Stab: Distracted        |       |       |       |       |       |       |     1 ||     1
  Eat: Chunk             |     3 |     4 |    13 |    25 |    15 |    12 |     3 ||    75
       Beef jerky        |       |       |     4 |     3 |     1 |     4 |     2 ||    14
       Fruit             |       |       |     3 |       |       |     6 |     3 ||    12
       Pizza             |       |       |       |     2 |     2 |     1 |     1 ||     6
       Meat ration       |       |       |       |       |     4 |     2 |     2 ||     8
       Royal jelly       |       |       |       |       |     3 |     5 |     8 ||    16
